 Dungeon Crawl Stone Soup version 0.30-a0-4-ga7cffc901d (webtiles) character file.

Game seed: 7801567632138709973

2457 xian the Firebug (level 9, 0/65 (69) HPs)
             Began as a Grey Draconian Fire Elementalist on Aug 21, 2022.
             Was a Believer of Qazlal.
             Slain by a wight
             ... wielding a +5 morningstar
              (4 damage)
             ... on level 7 of the Dungeon.
             The game lasted 00:22:59 (7894 turns).

xian the Firebug (Grey Draconian Fire Elementalist) Turns: 7894, Time: 00:23:00

HP:   0/65 (69)     AC: 17    Str: 11    XL:     9   Next: 26%
MP:   8/16          EV: 17    Int: 24    God:    Qazlal [**....]
Gold: 353           SH:  3    Dex: 11    Spells: 11/18 levels left

rFire   . . .      SeeInvis .    x - +5 quarterstaff (chaos)
rCold   . . .      Faith    .    (shield currently unavailable)
rNeg    . . .      Spirit   .    (body armour unavailable)
rPois   .          Reflect  .    (helmet restricted)
rElec   .          Harm     .    i - +1 cloak
rCorr   .          Rampage  .    k - +2 pair of gloves
Will    .....                    (no boots)
Stlth   ++........               (no amulet)
HPRegen 0.20/turn                m - +6 ring of intelligence
MPRegen 0.15/turn                v - +4 ring of evasion

@: drained
A: AC +12, amphibious, unfitting armour, cold-blooded, stinger 1, dopey 1,
MP-powered wands
a: Renounce Religion, Upheaval


You were on level 7 of the Dungeon.
You worshipped Qazlal.
Qazlal was pleased with you.
You visited 2 branches of the dungeon, and saw 8 of its levels.

You collected 353 gold pieces.

Inventory:

Hand Weapons
 w - a +4 short sword
 x - a +5 quarterstaff of chaos (weapon)
Armour
 i - a +1 cloak (worn)
 k - a +2 pair of gloves (worn)
Jewellery
 m - a +6 ring of intelligence (left hand)
 v - a +4 ring of evasion (right hand)
Wands
 q - a wand of charming (21)
 C - a wand of flame (68)
 D - a wand of polymorph (9)
 F - a wand of roots (13)
Scrolls
 c - 2 scrolls of poison {unknown}
 d - a scroll of fear
 f - a scroll of summoning
 h - a scroll of blinking {unknown}
 n - a scroll of teleportation
 r - a scroll of enchant weapon
 u - a scroll of fog
 y - a scroll of amnesia {unknown}
 B - 3 scrolls of immolation {unknown}
 E - a scroll of magic mapping
Potions
 a - 2 potions of magic
 b - 3 potions of resistance
 e - 3 potions of haste
 g - a potion of berserk rage {unknown}
 j - 2 potions of mutation
 l - a potion of cancellation {unknown}
 o - a potion of flight {unknown}
 p - a potion of attraction
 s - a potion of brilliance
 t - 2 potions of heal wounds
 z - a potion of might
 A - a potion of curing {unknown}


   Skills:
 + Level 3.0 Fighting
 + Level 2.9 Axes
 + Level 5.7 Staves
 + Level 4.5 Dodging
 + Level 4.0 Stealth
 + Level 0.3 Shields
 + Level 5.1 Spellcasting
 + Level 3.6 Conjurations
 + Level 5.8 Fire Magic


You had 11 spell levels left.
You knew the following spells:

 Your Spells              Type           Power      Damage    Failure   Level
a - Foxfire               Conj/Fire      100%       2x1d9     1%          1
b - Scorch                Fire           68%        2d8       1%          2
c - Flame Wave            Conj/Fire      28%        2d9       12%         4

Your spell library contained the following spells:

 Spells                   Type           Power      Damage    Failure   Level
 Conjure Flame            Conj/Fire      28%        6-21      3%          3
 Inner Flame              Hex/Fire       20%        N/A       8%          3
 Apportation              Tloc           12%        N/A       9%          1
 Ensorcelled Hibernation  Hex/Ice        12%        N/A       13%         2
 Poisonous Vapours        Pois/Air       12%        N/A       13%         2
 Spider Form              Tmut/Pois      6%         N/A       26%         3
 Anguish                  Hex/Necr       3%         N/A       65%         4
 Corpse Rot               Necr/Pois/Air  6%         N/A       65%         4
 Alistair's Intoxication  Tmut/Pois      4%         N/A       94%         5


Dungeon Overview and Level Annotations

Branches:
Dungeon (7/15)             Temple (1/1) D:4

Altars:
Ashenzari
Cheibriados
Dithmenos
Elyvilon
Gozag
Hepliaklqana
Kikubaaqudgha
Nemelex Xobeh
Okawaru
Qazlal
Ru
Sif Muna
Trog
Uskayaw
Vehumet
Wu Jian
Xom
Yredelemnul
Zin
The Shining One

Annotations:
D:5 2 transporters, ytrimaz's ghost, novice DsTm


Innate Abilities, Weirdness & Mutations

Your dull iron-grey scales are very hard. (AC +12)
You are amphibious.
You cannot fit into any form of body armour.
You are cold-blooded and may be slowed by cold attacks.
Your tail ends in a venomous barb.
You are dopey. (Int -2)
You expend magic power (3 MP) to strengthen your wands.


Message History

You closely miss the wight.
The wight is moderately damaged.
You feel sick. The gnoll misses you.
The gnoll bouda gazes fiercely through you!
You feel your attacks grow feeble.
The wight hits you with a +5 morningstar!
The gnoll misses you.
The wight is struck by lightning.
The wight barely misses you. You block the gnoll's attack.
You sock the wight!
You destroy the wight!
Qazlal accepts your kill.
You feel sick.
You are no longer poisoned.
The gnoll misses you. x2; The wight completely misses you.
The gnoll closely misses you.
You closely miss the wight. The gnoll barely misses you.
The gnoll hits you but does no damage. The gnoll barely misses you.
The wight hits you with a +5 morningstar.
You feel drained. The gnoll closely misses you.
You thump the wight!
The wight resists with some effort.
The wight is heavily damaged.
The gnoll closely misses you. The gnoll misses you.
The gnoll closely misses you. The wight closely misses you.
The gnoll completely misses you. The gnoll hits you but does no damage.
You barely miss the wight.
The wight is heavily damaged.
The gnoll barely misses you. The gnoll hits you but does no damage.
The wight hits you with a +5 morningstar.
* * * LOW HITPOINT WARNING * * *
The gnoll hits you but does no damage. You block the gnoll's attack.
The gnoll completely misses you.
You hit the gnoll bouda. You freeze the gnoll bouda.
The gnoll bouda is moderately wounded.
Your attacks no longer feel as feeble.
The gnoll completely misses you. The gnoll barely misses you.
The gnoll bouda barely misses you.
The wight hits you with a +5 morningstar!
* * * LOW HITPOINT WARNING * * *
You feel drained.
You die...

########.##
..........###
............
...........#
......!....#
.....g....[#.##
.....gz)g.....#
.....g)@...#
.....g§g..##
#####........
##########


You could see a gnoll bouda, a wight and 5 gnolls.

Vanquished Creatures
  Sigmund (D:3)
  Edmund (D:5)
  A water moccasin (D:7)
  2 black bears (D:4)
  An orc warrior (D:6)
  An ogre (D:4)
  4 centaurs
  2 bullfrogs
  A necrophage (D:6)
  4 scorpions
  2 wights (D:7)
  2 howler monkeys
  2 jellies
  Crazy Yiuf (D:4)
  2 orc priests (D:5)
  6 hounds
  Ijyb (D:5)
  Natasha (twice) (D:2)
  Terence (D:3)
  3 iguanas
  2 orc wizards
  Robin (D:3)
  4 gnolls (D:4)
  6 adders
  2 white imps
  An ufetubus (D:5)
  2 worms (D:2)
  2 dart slugs
  22 orcs
  6 ball pythons
  7 endoplasms
  6 giant cockroaches
  20 goblins
  7 hobgoblins
  8 jackals
  9 kobolds
  7 quokkas
  2 frilled lizards
  3 rats
157 creatures vanquished.

Vanquished Creatures (collateral kills)
  A foxfire (D:4)
1 creature vanquished.

Vanquished Creatures (others)
  379 foxfires
  A plant (D:4)
380 creatures vanquished.

Grand Total: 538 creatures vanquished

Notes
Turn   | Place    | Note
-------+----------+-------------------------------------------
     0 | D:1      | xian the Draconian Fire Elementalist began the quest for
                  | the Orb.
     0 | D:1      | Reached XP level 1. HP: 14/14 MP: 3/3
   288 | D:1      | Reached XP level 2. HP: 20/20 MP: 1/5
   295 | D:1      | Learned a level 2 spell: Scorch
   453 | D:1      | Found a faded altar of an unknown god.
  1538 | D:2      | Reached XP level 3. HP: 15/26 MP: 1/6
  1897 | D:2      | Noticed Natasha
  1903 | D:2      | Killed Natasha
  2037 | D:2      | Noticed Natasha
  2047 | D:2      | Killed Natasha
  2048 | D:2      | Reached XP level 4. HP: 32/33 MP: 2/8
  2062 | D:2      | Learned a level 4 spell: Flame Wave
  2327 | D:3      | Noticed Robin
  2344 | D:3      | Reached skill level 1 in Axes
  2482 | D:3      | Found a basalt altar of Yredelemnul.
  2707 | D:3      | Killed Robin
  2708 | D:3      | Reached XP level 5. HP: 27/38 MP: 4/9
  2915 | D:3      | Noticed Terence
  2987 | D:3      | Killed Terence
  3317 | D:3      | Noticed Sigmund
  3333 | D:3      | Killed Sigmund
  3334 | D:3      | Reached XP level 6. HP: 40/46 MP: 9/11
  3483 | D:3      | Identified the +0 leather armour "Simm" {Rampage rN++}
  3772 | D:4      | Reached skill level 1 in Fighting
  3801 | D:4      | Found a staircase to the Ecumenical Temple.
  4017 | Temple   | Entered the Ecumenical Temple
  4134 | Temple   | Became a worshipper of Qazlal Stormbringer
  4367 | D:4      | Found a glowing golden altar of the Shining One.
  4385 | D:4      | Your scales start taking on a dull iron-grey colour.
  4385 | D:4      | Reached XP level 7. HP: 52/52 MP: 8/12
  4683 | D:4      | Found a runed translucent door.
  4684 | D:4      | Noticed Crazy Yiuf
  4701 | D:4      | Killed Crazy Yiuf
  5065 | D:4      | Reached * piety under Qazlal
  5089 | D:4      | Reached skill level 5 in Fire Magic
  5091 | D:4      | Reached skill level 1 in Staves
  5626 | D:4      | Reached XP level 8. HP: 55/60 MP: 11/14
  5832 | D:5      | Entered Level 5 of the Dungeon
  5921 | D:5      | Gained mutation: You are dopey. (Int -2) [potion of
                  | mutation]
  5921 | D:5      | Gained mutation: You expend magic power (3 MP) to
                  | strengthen your wands. [potion of mutation]
  5921 | D:5      | Gained mutation: Your tail ends in a venomous barb. [potion
                  | of mutation]
  5992 | D:5      | Reached ** piety under Qazlal
  5993 | D:5      | Found a white marble altar of Elyvilon.
  6160 | D:5      | Noticed Ijyb
  6170 | D:5      | Killed Ijyb
  6354 | D:5      | Found a transporter.
  6355 | D:5      | Identified the +3 great mace of Huis {speed, SInv}
  6355 | D:5      | Noticed ytrimaz's ghost (novice DsTm)
  6365 | D:5      | Found a transporter.
  6554 | D:5      | Noticed Edmund
  6569 | D:5      | Killed Edmund
  6616 | D:5      | Found a radiant altar of Vehumet.
  7083 | D:6      | Found a glowing silver altar of Zin.
  7171 | D:6      | Found a sacrificial altar of Ru.
  7284 | D:6      | Reached skill level 5 in Staves
  7396 | D:6      | Reached skill level 5 in Spellcasting
  7396 | D:6      | Reached XP level 9. HP: 39/68 MP: 11/16
  7894 | D:7      | Slain by a wight

Illustrated notes

Levels and vault maps discovered:
D:1:      scummos_arrival_simple_fountains, layout_basic,
          shapermc_ecumenical_altar_pompeii, minmay_misc_feat_roman
D:2:      layout_loops_ring, uniq_natasha
D:3:      layout_basic, mainiacjoe_overflow_small_starburst,
          kennysheep_cross_room, uniq_robin, uniq_sigmund, uniq_terence
D:4:      cheibrodos_barr_body, layout_basic, tso_oasis_becter,
          temple_fountains, minmay_joined_circles, uniq_crazy_yiuf_cottage
D:5:      layout_loops_ring, mainiacjoe_overflow_six_doors_small,
          vehumet_altar_wand_db, gammafunk_ghost_smash, uniq_ijyb, uniq_edmund
D:6:      layout_gridville, mainiacjoe_overflow_catwalk, zin_scriptorium,
          minmay_misc_feat_chi
D:7:      layout_basic
Temple:   jpeg_temple_clearing

Skill      XL: |  1  2  3  4  5  6  7  8  9 |
---------------+----------------------------+-----
Stealth        | 2 3 4 |  4.0
Axes           | 1 2 |  2.9
Dodging        | 2 3 4 |  4.5
Spellcasting   | 3 4 5 |  5.1
Fire Magic     | 4 5 |  5.8
Conjurations   | 2 3 |  3.6
Fighting       | 1 2 3 |  3.0
Staves         | 1 5 |  5.7
Shields        | |  0.3

Action                   |  1- 3 |  4- 6 |  7- 9 || total
-------------------------+-------+-------+-------++-------
Melee: Short sword       |     1 |       |       ||     1
       Hand axe          |    24 |    78 |     2 ||   104
       Tailslap          |     2 |     7 |    17 ||    26
       Punch             |       |     2 |       ||     2
       Quarterstaff      |       |       |   127 ||   127
 Cast: Foxfire           |    59 |    78 |    96 ||   233
       Scorch            |       |     5 |     6 ||    11
       Flame Wave        |       |       |     5 ||     5
  Use: Scroll            |       |       |    13 ||    13
       Potion            |       |       |     3 ||     3
 Stab: Sleeping          |       |     2 |     2 ||     4
       Distracted        |       |     1 |       ||     1
       Confused          |       |       |     1 ||     1
Armor: Skin              |     9 |    36 |   128 ||   173
Dodge: Dodged            |    15 |    92 |   277 ||   384
Block: Other             |       |       |    12 ||    12

Table legend: (Time is in decaauts)
 A = Elapsed time spent in this place.
 B = Non-inter-level travel time spent in this place.
 C = Inter-level travel time spent in this place.
 D = Time resting spent in this place.
 E = Time spent auto-exploring this place.
 F = Levels seen in this place.
 G = Mean time per level.
                   A        B        C        D        E       F      G
               +--------+--------+--------+--------+--------+-----+--------+
         Total |   7934 |   7755 |    179 |     84 |   5867 |   8 |  991.8 |
       Dungeon |   7750 |   7583 |    167 |     84 |   5722 |   7 | 1107.1 |
        Temple |    183 |    171 |     12 |      0 |    145 |   1 |  183.0 |
               +--------+--------+--------+--------+--------+-----+--------+

Top non-repeatable levels by time:
     D:4: 1970 daAuts
     D:3: 1347 daAuts
     D:1: 1189 daAuts
     D:2: 1171 daAuts
     D:5: 1051 daAuts
     D:6: 1002 daAuts
  Temple: 183 daAuts
     D:7: 18 daAuts
